 Dungeon Crawl Stone Soup version 0.32-a0-928-g1cae6b7ea0 (webtiles) character file.

Game seed: 14976511144456948854

539 KennySheep the Digger (level 7, -8/51 HPs)
             Began as a Human Wanderer on Apr 13, 2024.
             Was a Follower of Zin.
             Mangled by an ogre
             ... wielding a +0 giant club
              (21 damage)
             ... on level 5 of the Dungeon.
             The game lasted 00:16:10 (3659 turns).

KennySheep the Digger (Human Wanderer)              Turns: 3659, Time: 00:16:11

Health: -8/51      AC:  8    Str: 16 (17) XL:     7   Next: 26%
Magic:  5/11       EV:  9    Int: 14      God:    Zin [*.....]
Gold:   121        SH:  0    Dex:  8 (10) Spells: 4/11 levels left

rFire   . . .        g - +3 short sword (speed)
rCold   + . .        (no shield)
rNeg    . . .        b - +0 ring mail
rPois   .            h - +0 helmet
rElec   .            (no cloak)
rCorr   .            (no gloves)
SInv    .            (no boots)
Will    .....        (no amulet) Stlth
                     (no ring)
HPRegen 0.28/turn    (no ring)
MPRegen 0.12/turn

%: no passive effects
@: no status effects
A: explore regen, iridescent scales 1, cold resistance 1, deterioration 1,
strong 1
a: Renounce Religion, Recite, Donate Gold


You were on level 5 of the Dungeon.
You worshipped Zin.
Zin was aware of your devotion.
You visited 1 branch of the dungeon, and saw 6 of its levels.

You collected 134 gold pieces.
You donated 13 gold pieces to Zin.

Inventory:

Hand Weapons
 a - a +0 club
 e - a +0 dagger
 g - a +3 short sword of speed (weapon)
Armour
 b - a +0 ring mail (worn)
 h - a +0 helmet (worn)
Jewellery
 n - a ring of ice
Scrolls
 c - 6 scrolls of fear
 d - 5 scrolls of teleportation
 i - a scroll of summoning
 l - a scroll of enchant armour {unknown}


   Skills:
 + Level 2.9 Fighting
 - Level 2.0 Armour
 + Level 2.6 Spellcasting
 * Level 3.9 Conjurations
 * Level 5.6 Earth Magic
 + Level 2.3 Invocations
 - Level 2.0 Evocations


You had 4 spell levels left.
You knew the following spells:

 Your Spells              Type           Power      Damage    Failure   Level
a - Sandblast             Erth           34%        2d9       4%          1
b - Passwall              Erth           17%        N/A       12%         3
c - Stone Arrow           Conj/Erth      30%        3d8       17%         3

Your spell library contained the following spells:

 Spells                   Type           Power      Damage    Failure   Level
 Dazzling Flash           Conj/Hex       14%        N/A       50%         3
 Mephitic Cloud           Conj/Alch/Air  5%         N/A       58%         3
 Curse of Agony           Necr           1%         N/A       100%        5
 Silence                  Hex/Air        0%         N/A       100%        5


Dungeon Overview and Level Annotations

Branches:
Dungeon (6/15)
 Temple: D:4-7

Altars:
Wu Jian
Zin


Innate Abilities, Weirdness & Mutations

You regain HP and MP as you explore.
You are partially covered in iridescent scales. (AC +2)
Your flesh is cold resistant. (rC+)
Your body sometimes deteriorates upon taking damage.
Your muscles are strong. (Str +4, Int/Dex -1)


Message History

The scorpion misses you.
Your hound bites the scorpion.
The ogre hits you with a +0 giant club.
Aiming: Sandblast (safe; 4% risk of failure)
Press: ? - help, Q - select action, (/) - cycle Shift-Dir - straight line, f/p - scorpion
Aim: a scorpion (severely wounded, ally target, 82% to hit)
The blast of sand hits the scorpion.
The scorpion is almost dead.
Your hound completely misses the scorpion.
The scorpion stings you.
The white imp grinds its teeth.
The white imp hits you but does no damage.
Your sleepcap releases spores at the scorpion but does no damage.
The orc hits you from afar with a +0 trident.
* * * LOW HITPOINT WARNING * * *
A ribbon worm comes into view.
Your hound bites the scorpion.
The scorpion dies!
The ogre barely misses you.
Your sleepcap releases spores at the white imp.
The white imp gestures at you. The puff of frost hits you. You resist.
* * * LOW HITPOINT WARNING * * *
The orc hits you but does no damage.
You feel your intelligence returning.
You swap places.
Your hound bites the white imp but does no damage.
The orc attacks as it pursues you! The orc hits you but does no damage.
Your sleepcap releases spores at the white imp.
The white imp is engulfed in a cloud of soporific spores!
Aiming: Sandblast (safe; 4% risk of failure)
Press: ? - help, Q - select action, (/) - cycle Shift-Dir - straight line, f - white imp
Aim: a white imp (almost dead, asleep, ally target, 100% to hit)
The blast of sand hits the white imp.
You kill the white imp!
You are ready to recite again.
Your hound bites the orc but does no damage.
Your sleepcap releases spores at the orc.
The orc barely misses you.
Your hound bites the orc.
The ogre hits you with a +0 giant club!!
You die...

#+# #.# #.#
#############^#
.............>#
#......†###.#
#....@O.# #.#
#w...hf.# #.#
.......o..# #.#
##........# #.#
#....)...# #O#
##.......# #.#
#.......#
##....### #....


You could see an ogre, a ribbon worm, an orc (ally target), a friendly sleepcap
(summoned) and a friendly hound (summoned).

Vanquished Creatures
  A sky beast (D:6)
  A bullfrog (D:6)
  An orc priest (D:6)
  An iguana (D:6)
  2 orc wizards (D:6)
  A hound skeleton (D:3)
  3 adders
  4 gnolls (D:3)
  A white imp (D:5)
  3 dart slugs
  A ribbon worm (D:2)
  9 orcs
  9 endoplasms
  2 giant cockroaches
  4 goblins
  8 hobgoblins
  5 jackals (D:1)
  4 quokkas
  10 ball pythons
  7 bats
  8 frilled lizards
  8 kobolds
  A quokka skeleton (D:3)
  5 rats
99 creatures vanquished.

Vanquished Creatures (collateral kills)
  A scorpion (D:5)
  An iguana (D:5)
2 creatures vanquished.

Grand Total: 101 creatures vanquished

Notes
Turn   | Place    | Note
-------+----------+-------------------------------------------
     0 | D:1      | KennySheep the Human Wanderer began the quest for the Orb.
     0 | D:1      | KennySheep set off with the following items: a +0 club, a
                  | +0 ring mail, a scroll of fear, a scroll of teleportation;
                  | and the following spell memorised: Sandblast; and the
                  | following spells available to memorise: Passwall, Stone
                  | Arrow.
     0 | D:1      | Reached XP level 1. HP: 15/15 MP: 2/2
   186 | D:1      | Reached XP level 2. HP: 21/21 MP: 1/3
   269 | D:1      | Reached skill level 1 in Conjurations
   569 | D:1      | Reached XP level 3. HP: 26/26 MP: 1/4
  1015 | D:2      | Found a glowing silver altar of Zin.
  1037 | D:2      | Became a worshipper of Zin the Law-Giver
  1221 | D:2      | Reached XP level 4. HP: 33/33 MP: 3/6
  1226 | D:2      | Learned a level 3 spell: Passwall
  1297 | D:2      | Reached * piety under Zin
  2117 | D:3      | Reached XP level 5. HP: 38/38 MP: 5/7
  2131 | D:3      | Learned a level 3 spell: Stone Arrow
  2437 | D:3      | Found a faded altar of an unknown god.
  2452 | D:3      | Reached skill level 1 in Invocations
  2774 | D:3      | Found an ornate altar of the Wu Jian Council.
  2936 | D:4      | You fall into a shaft and drop 2 floors!
  3006 | D:6      | Noticed a sky beast
  3042 | D:6      | Gained mutation: Your body sometimes deteriorates upon
                  | taking damage. [potion of mutation]
  3042 | D:6      | Gained mutation: You are partially covered in iridescent
                  | scales. (AC +2) [potion of mutation]
  3042 | D:6      | Gained mutation: Your muscles are strong. (Str +4, Int/Dex
                  | -1) [potion of mutation]
  3042 | D:6      | Gained mutation: Your flesh is cold resistant. (rC+)
                  | [potion of mutation]
  3051 | D:6      | Killed a sky beast
  3052 | D:6      | Reached skill level 5 in Earth Magic
  3052 | D:6      | Reached XP level 6. HP: 9/46 MP: 2/9
  3321 | D:6      | Reached XP level 7. HP: 50/51 MP: 6/10
  3640 | D:5      | Entered Level 5 of the Dungeon
  3659 | D:5      | Mangled by an ogre

Illustrated notes

Levels and vault maps discovered:
D:1:      co_arrival_square_in_a_square_in_a_square, layout_basic
D:2:      layout_basic, basic_altar
D:3:      layout_basic, general_overflow_altar,
          ebering_ecumenical_altar_sacrificial, serial_undead, serial_undead_b,
          serial_undead_c, serial_undead_a, serial_undead_d, minivault_4,
          minmay_diced_spiral
D:4:      layout_basic, gammafunk_ghost_mausoleum, uniq_edmund, uniq_sigmund,
          uniq_menkaure
D:5:      layout_basic, kennysheep_little_box, ebering_ghost_sewer_d,
          nicolae_shop_distant_corner_stores
D:6:      layout_basic, uniq_blork_the_orc

Skill      XL: |  1  2  3  4  5  6 |
---------------+-------------------+-----
Conjurations   | 1 2 3 |  3.9
Fighting       | 2 |  2.9
Invocations    | 1 2 |  2.3
Spellcasting   | 2 |  2.6
Earth Magic    | 5 |  5.6
Armour         | |  2.0
Evocations     | |  2.0

Action                     |  1- 3 |  4- 6 |  7- 9 || total
---------------------------+-------+-------+-------++-------
  Melee: Club              |    10 |       |       ||    10
         Dagger            |    16 |       |       ||    16
         Short sword       |    42 |    45 |     7 ||    94
   Cast: Sandblast         |    48 |    89 |    19 ||   156
 Invoke: Recite            |       |       |     2 ||     2
    Use: Scroll            |     1 |       |     2 ||     3
         Potion            |       |     4 |       ||     4
 Armour: Ring mail         |    79 |    59 |    32 ||   170
  Dodge: Dodged            |    39 |    24 |    21 ||    84

Table legend: (Time is in decaauts)
 A = Elapsed time spent in this place.
 B = Non-inter-level travel time spent in this place.
 C = Inter-level travel time spent in this place.
 D = Time resting spent in this place.
 E = Time spent auto-exploring this place.
 F = Levels seen in this place.
 G = Mean time per level.
                   A        B        C        D        E       F      G
               +--------+--------+--------+--------+--------+-----+--------+
         Total |   3707 |   3626 |     81 |    506 |   2383 |   6 |  617.8 |
       Dungeon |   3707 |   3626 |     81 |    506 |   2383 |   6 |  617.8 |
               +--------+--------+--------+--------+--------+-----+--------+

Top non-repeatable levels by time:
     D:3: 1200 daAuts
     D:1: 924 daAuts
     D:2: 796 daAuts
     D:6: 709 daAuts
     D:4: 54 daAuts
     D:5: 22 daAuts
